 Dungeon Crawl Stone Soup version 0.31.0-12-g77e489cdc1 (webtiles) character file.

Game seed: 11046648839450656691

635 Baz the Slasher (level 7, 0/61 HPs)
             Began as a Minotaur Fighter on Feb 26, 2024.
             Was a Believer of Fedhas.
             Slain by an orc
             ... wielding a +0 club
              (4 damage)
             ... on level 5 of the Dungeon.
             The game lasted 00:04:51 (3382 turns).

Baz the Slasher (Minotaur Fighter)                  Turns: 3382, Time: 00:04:52

Health: 0/61       AC: 11    Str: 23    XL:     7   Next: 25%
Magic:  4/6        EV:  8    Int:  5    God:    Fedhas [**....]
Gold:   211        SH:  5    Dex:  9    Spells: 6/6 levels left

rFire   + . .        a - +0 long sword
rCold   + . .        c - +0 buckler
rNeg    . . .        f - +0 chain mail
rPois   .            (helmet restricted)
rElec   .            v - scarf of Gypash {rC+ rF+, +Blink}
rCorr   .            d - +0 pair of gloves
SInv    .            (no boots)
Will    .....        (no amulet) Stlth
                     (no ring)
HPRegen 0.30/turn    (no ring)
MPRegen 0.10/turn

%: no passive effects
@: about to teleport
A: horns 2, retaliatory headbutt
a: Renounce Religion, Evoke Blink, Wall of Briars


You were on level 5 of the Dungeon.
You worshipped Fedhas.
Fedhas was pleased with you.
You visited 2 branches of the dungeon, and saw 6 of its levels.

You collected 211 gold pieces.

Inventory:

Hand Weapons
 a - a +0 long sword (weapon)
Missiles
 n - 2 throwing nets (quivered)
Armour
 c - a +0 buckler (worn)
 d - a +0 pair of gloves (worn)
 f - a +0 chain mail (worn)
 m - a +0 cloak
 v - the scarf of Gypash (worn) {rC+ rF+, +Blink}
   (You found it on level 5 of the Dungeon)

   +Blink:    It lets you blink.
Wands
 p - a wand of charming (3)
Scrolls
 b - a scroll of torment {unknown}
 g - 4 scrolls of identify
 h - a scroll of revelation {unknown}
 i - a scroll of fog {unknown}
 l - 3 scrolls of enchant weapon {unknown}
 o - 2 scrolls of teleportation
 s - a scroll of fear {unknown}
 t - a scroll of amnesia {unknown}
Potions
 e - a potion of curing
 j - a potion of enlightenment {unknown}
 k - a potion of attraction
 q - a potion of berserk rage {unknown}
 r - a potion of mutation {unknown}
 u - a potion of might


   Skills:
 + Level 5.6 Fighting
 * Level 6.2 Long Blades
 + Level 5.6 Armour
 + Level 5.6 Shields


You had 6 spell levels left.
You didn't know any spells.
Your spell library contained the following spells:

 Spells                   Type           Power      Damage    Failure   Level
 Necrotise                Necr           0%         1d4       98%         1
 Vampiric Draining        Necr           0%         2d6       100%        3
 Martyr's Knell           Necr/Summ      0%         N/A       100%        4
 Curse of Agony           Necr           0%         N/A       100%        5


Dungeon Overview and Level Annotations

Branches:
Dungeon (5/15)             Temple (1/1) D:4

Altars:
Cheibriados
Dithmenos
Fedhas
Gozag
Hepliaklqana
Makhleb
Nemelex Xobeh
Okawaru
Qazlal
Trog
Uskayaw
Vehumet
Wu Jian
Yredelemnul
Zin
The Shining One

Annotations:
D:5 Edmund


Innate Abilities, Weirdness & Mutations

You have a pair of horns on your head.
You reflexively headbutt those who attack you in melee.


Message History

Unknown command.
You hit the orc priest.
The orc priest is moderately wounded.
You feel less confused. The orc hits you but does no damage.
The orc priest completely misses you. You block the iguana's attack.
Edmund hits your briar patch with a +6 flail of protection!
The orc priest barely misses you. The orc hits you but does no damage.
The iguana bites you.
* * * LOW HITPOINT WARNING * * *
The ogre is struck by your briar patch's thorns.
The ogre hits your briar patch with a +0 giant spiked club!!
Your briar patch is destroyed!
Your briar patch disappears in a puff of smoke!
Edmund splashes around in the water.
The orc priest invokes the aid of Beogh against you.
Beogh smites you!
* * * LOW HITPOINT WARNING * * *
The orc wizard casts a spell.
The orc wizard flickers and vanishes!
Deactivating autopickup; reactivate with Ctrl-A.
The iguana bites you.
* * * LOW HITPOINT WARNING * * *
Edmund splashes around in the water.
As you read the scroll labelled TERIWN REUN, it crumbles to dust.
It is a scroll of identify.
o - 3 scrolls of teleportation The orc priest is struck by your briar patch's thorns.
The orc priest dies!
Fedhas appreciates your contribution to the ecosystem.
The iguana bites you.
* * * LOW HITPOINT WARNING * * *
Edmund hits your briar patch with a +6 flail of protection!
Your briar patch is destroyed!
Your briar patch disappears in a puff of smoke!
Unknown command.
As you read the scroll of teleportation, it crumbles to dust.
You feel strangely unstable. The orc hits you with a +0 club.
You die...
Fedhas appreciates your contribution to the ecosystem.

### #.#. ##..
..... #...###
....#
####.....##...
....~~~~..#...
.....~....~.###
~~~.~~~~~5≈≈≈≈##
~≈~≈≈~~≈.o≈≈≈≈≈#
~.~..~..ol@.##≈#
~...~.~~@§...#
.~.~..)).O...#
........####.....
##.[...<.# ...(.#
#..###....#.....#
### #..........#
..#.####....
..### ....


You could see Edmund, an ogre, an iguana, an orc wizard, a shadow imp and an
orc.

Vanquished Creatures
  An ice beast (D:4)
  A phantom (D:4)
  4 orc priests
  6 orc wizards
  An iguana (D:5)
  3 adders (D:3)
  2 ufetubi (D:5)
  6 dart slugs
  2 ribbon worms
  6 orcs
  3 bats
  6 endoplasms
  5 giant cockroaches
  6 goblins
  8 hobgoblins
  2 jackals (D:5)
  A quokka (D:1)
  7 ball pythons
  A frilled lizard (D:1)
  4 kobolds
  2 rats
77 creatures vanquished.

Vanquished Creatures (collateral kills)
  An orc priest (D:5)
  2 adders (D:5)
  An orc (D:5)
4 creatures vanquished.

Grand Total: 81 creatures vanquished

Notes
Turn   | Place    | Note
-------+----------+-------------------------------------------
     0 | D:1      | Baz the Minotaur Fighter began the quest for the Orb.
     0 | D:1      | Reached XP level 1. HP: 19/19 MP: 0/0
    57 | D:1      | You fall into a shaft and drop 1 floor!
   324 | D:2      | Reached XP level 2. HP: 26/27 MP: 1/1
   631 | D:1      | Reached skill level 3 in Long Blades
   672 | D:1      | Reached XP level 3. HP: 30/33 MP: 2/2
   879 | D:1      | Found a faded altar of an unknown god.
  1179 | D:1      | Prayed at the altar of an unknown god.
  1179 | D:1      | Became a worshipper of Fedhas Madash
  1179 | D:1      | Reached * piety under Fedhas
  1543 | D:3      | Reached XP level 4. HP: 40/40 MP: 3/3
  1846 | D:4      | Noticed an ice beast
  1861 | D:4      | HP: 2/41 [ice beast (12)]
  1869 | D:4      | Killed an ice beast
  1870 | D:4      | Reached skill level 4 in Long Blades
  1870 | D:4      | Reached XP level 5. HP: 24/47 MP: 4/4
  1973 | D:4      | Found a basalt altar of Yredelemnul.
  2013 | D:4      | Noticed a phantom
  2021 | D:4      | Killed a phantom
  2022 | D:4      | Reached skill level 5 in Fighting
  2022 | D:4      | Reached XP level 6. HP: 52/56 MP: 5/5
  2041 | D:4      | Reached ** piety under Fedhas
  2063 | D:4      | Reached skill level 5 in Long Blades
  2063 | D:4      | Reached skill level 5 in Armour
  2063 | D:4      | Reached skill level 5 in Shields
  2242 | D:4      | Found a staircase to the Ecumenical Temple.
  2255 | D:4      | Found a shadowy altar of Dithmenos.
  2333 | Temple   | Entered the Ecumenical Temple
  2614 | D:4      | Reached XP level 7. HP: 52/61 MP: 6/6
  3304 | D:4      | Reached skill level 6 in Long Blades
  3340 | D:5      | Entered Level 5 of the Dungeon
  3342 | D:5      | Identified the scarf of Gypash {rC+ rF+, +Blink}
  3360 | D:5      | Noticed Edmund
  3382 | D:5      | Slain by an orc

Illustrated notes

Levels and vault maps discovered:
D:1:      spicycebolla_arrival_clurvy, layout_basic,
          hellmonk_ecumenical_altar_leap_of_faith, minmay_misc_feat_diagonals,
          kennysheep_small_spiral
D:2:      layout_basic
D:3:      layout_basic, amcnicky_mini_corridor_feature, roderic_lattice_a
D:4:      layout_basic, lemuel_tele_altar, minmay_temple_entry_stoned_glass,
          kennysheep_small_circle
D:5:      layout_cave_pools, grunt_temple_overflow_open, serial_shops,
          nicolae_shop_peninsula, serial_rivers, chequers_serial_rivers_large_b,
          chequers_serial_rivers_micro_c, chequers_serial_rivers_small_a,
          chequers_serial_rivers_small_3, chequers_serial_rivers_large_a,
          chequers_serial_rivers_micro_e, uniq_edmund
Temple:   hellmonk_temple_forest_ring

Skill      XL: |  1  2  3  4  5  6  7 |
---------------+----------------------+-----
Fighting       | 4 5 |  5.6
Armour         | 4 5 |  5.6
Long Blades    | 3 4 5 6 |  6.2
Shields        | 4 5 |  5.6

Action                     |  1- 3 |  4- 6 |  7- 9 || total
---------------------------+-------+-------+-------++-------
  Melee: Long sword        |    94 |   118 |    33 ||   245
         Headbutt          |    13 |    15 |     6 ||    34
 Invoke: Wall of Briars    |       |       |     1 ||     1
    Use: Potion            |       |     5 |       ||     5
         Scroll            |       |       |     2 ||     2
 Armour: Scale mail        |    22 |       |       ||    22
         Chain mail        |    53 |   106 |    64 ||   223
  Dodge: Dodged            |    29 |    39 |    40 ||   108
  Block: Buckler           |    20 |    16 |    18 ||    54
